 Dungeon Crawl Stone Soup version 0.19-a0-1886-gd64a0f0 (webtiles) character file.

28 Kirkhe the Chopper (level 3, 27/27 HPs)
             Began as a Demonspawn Gladiator on Oct 15, 2016.
             Quit the game on level 1 of the Dungeon.
             The game lasted 00:00:50 (451 turns).

Kirkhe the Chopper (Demonspawn Gladiator)            Turns: 451, Time: 00:00:51

Health: 27/27      AC:  6    Str: 16    XL:     3   Next: 0%
Magic:  3/3        EV: 12    Int:  9    God:
Gold:   69         SH:  0    Dex: 13    Spells: 0 memorised, 2 levels left

rFire  . . .     SeeInvis .     a - +0 war axe
rCold  . . .     Gourm    .     b - +0 leather armour
rNeg   . . .     Faith    .     (no shield)
rPois  .         Spirit   .     c - +0 helmet
rElec  .         Dismiss  .     (no cloak)
rCorr  .         Reflect  .     (no gloves)
MR     .....     Harm     .     (no boots)
Stlth  +.........               (no amulet)
                                (no ring)
                                (no ring)

@: no status effects
A: molten scales 1, spiny 1
a: no special abilities


You were on level 1 of the Dungeon.
You were not hungry.

You visited 1 branch of the dungeon, and saw 1 of its levels.

You collected 69 gold pieces.

Inventory:

Hand Weapons
 a - a +0 war axe (weapon)
Missiles
 d - 3 throwing nets (quivered)
Armour
 b - a +0 leather armour (worn)
 c - a +0 helmet (worn)
Scrolls
 e - a scroll of noise {unknown}
 g - a scroll of recharging {unknown}
 h - a scroll of blinking {unknown}
Potions
 j - a potion of degeneration {unknown}
Comestibles
 f - a bread ration
 i - a meat ration


   Skills:
 - Level 2.0 Fighting
 + Level 3.7 Axes
 - Level 1.7 Throwing
 + Level 0.3 Armour
 - Level 2.6 Dodging


You had 2 spell levels left.
You didn't know any spells.

Dungeon Overview and Level Annotations

Branches:
Dungeon (1/15)

Altars:


Innate Abilities, Weirdness & Mutations

You are partially covered in molten scales. (AC +2)
You are partially covered in sharp spines.


Message History

You kill the jackal!
No target in view!
You see here a jackal corpse.
You see here a jackal corpse.
Found 18 arrows.
You see here 18 arrows.
You now have 60 gold pieces (gained 9).
You now have 69 gold pieces (gained 9).
There is a stone staircase leading down here.
j - a fizzy clear potion A bat comes into view.
You barely miss the bat. The bat hits you but does no damage. x2
You hit the bat.
You kill the bat!
You have reached level 3!
Your experience leads to an increase in your attributes!
Increase (S)trength, (I)ntelligence, or (D)exterity?
You feel stronger.
Your demonic ancestry asserts itself...
Sharp spines emerge from parts of your body.
Are you sure you want to abandon this character and quit the game? (Confirm with "yes".)

.#####>###)# #.##.#.......#
...........# #.##.#.⌠.<.⌠.#
#........# #.##.#.......#
#.##..##.# #.##.###.⌠.### #
#.###.##.####.##.. #...# #)
#................. ##+##
#.######..##.##.######...
#.....##..##......## ####
................@..#
####..##..##.##.#..###########
##...........##..............#
#.#...##......#....#########.#
.#.................# ### #.#
#.....#######.##...#####.###.###
##.#..# ##............#......#
##.#..#####....#...###.###.#.#.#
##.#.............####.##
##..#.##


There were no monsters in sight!

Vanquished Creatures
  A dart slug (D:1)
  3 bats (D:1)
  A giant cockroach (D:1)
  4 goblins (D:1)
  3 hobgoblins (D:1)
  6 jackals (D:1)
  2 kobolds (D:1)
  A frilled lizard (D:1)
21 creatures vanquished.

Notes
Turn   | Place    | Note
-------+----------+-------------------------------------------
     0 | D:1      | Kirkhe the Demonspawn Gladiator began the quest for the Orb.
     0 | D:1      | Reached XP level 1. HP: 16/16 MP: 1/1
    63 | D:1      | Reached skill level 3 in Axes
    70 | D:1      | Gained mutation: You are partially covered in molten scales. (AC +2) [demonic ancestry]
    70 | D:1      | Reached XP level 2. HP: 21/22 MP: 2/2
   450 | D:1      | Gained mutation: You are partially covered in sharp spines. [demonic ancestry]
   450 | D:1      | Reached XP level 3. HP: 27/27 MP: 3/3
   451 | D:1      | Quit the game

Vault maps used:
D:1:      dpeg_arrival_simpleton_c

Skill      XL: |  1 |
---------------+----+-----
Axes           | 3 |  3.7
Fighting       | |  2.0
Throwing       | |  1.7
Armour         | |  0.3
Dodging        | |  2.6

Action                   || total
-------------------------++-------
Melee: War axe           ||    60
Armor: Leather armour    ||    25
Dodge: Dodged            ||    45
